 Dungeon Crawl Stone Soup version 0.19-a0-1260-gc94d3f7 (webtiles) character file.

78 epen the Poker (level 4, -4/37 HPs)
             Began as a Merfolk Monk on Aug 28, 2016.
             Slain by an iguana (8 damage)
             ... on level 3 of the Dungeon.
             The game lasted 00:03:00 (2357 turns).

epen the Poker (Merfolk Monk)                       Turns: 2357, Time: 00:03:01

Health: -4/37      AC:  6    Str: 12    XL:     4   Next: 36%
Magic:  4/4        EV: 13    Int:  9    God:
Gold:   103        SH:  0    Dex: 16    Spells: 0 memorised, 3 levels left

rFire  . . .     SeeInvis +     t - +0 lajatang
rCold  . . .     Gourm    .     q - +0 ring mail
rNeg   . . .     Faith    .     (shield currently unavailable)
rPois  .         Spirit   .     (no helmet)
rElec  .         Dismiss  .     (no cloak)
rCorr  .         Reflect  .     (no gloves)
MR     .....     Harm     .     p - +0 pair of boots
Stlth  +.........               (no amulet)
                                j - ring of see invisible
                                f - ring of see invisible

@: no status effects
A: change form in water, swift swim, stealthy swim
a: no special abilities


You were on level 3 of the Dungeon.
You were hungry.

You visited 1 branch of the dungeon, and saw 4 of its levels.

You collected 103 gold pieces.

Inventory:

Hand Weapons
 a - a +0 spear
 t - a +0 lajatang (weapon)
Armour
 b - a +0 robe
 p - a +0 pair of boots (worn)
 q - a +0 ring mail (worn)
Jewellery
 f - a ring of see invisible (left hand)
 j - a ring of see invisible (right hand)
Scrolls
 e - 5 scrolls of magic mapping {unknown}
 h - a scroll of fog {unknown}
 k - 2 scrolls of recharging {unknown}
 n - 2 scrolls of teleportation {unknown}
 r - a scroll of identify {unknown}
 u - a scroll of immolation {unknown}
 v - a scroll of amnesia {unknown}
Potions
 d - a potion of curing
 g - 2 potions of might {unknown}
 l - a potion of cancellation {unknown}
 s - a potion of brilliance {unknown}
 w - a potion of flight {unknown}
Comestibles
 c - 4 bread rations
 m - a slice of pizza
 o - a royal jelly


   Skills:
 + Level 3.7 Fighting
 + Level 5.0 Polearms
 * Level 1.9 Armour
 + Level 4.5 Dodging
 - Level 2.1 Stealth


You had 3 spell levels left.
You didn't know any spells.

Dungeon Overview and Level Annotations

Branches:
Dungeon (4/15)
 Temple: D:4-7

Altars:
Fedhas
Sif Muna
Vehumet


Message History

It was a potion of curing.
You feel better. The adder bites you but does no damage.
The orc hits you but does no damage. The orc wizard barely misses you.
The adder closely misses you. The iguana barely misses you.
Unknown command.
You miss the adder. The adder bites you but does no damage.
The orc hits you but does no damage.
The orc wizard casts a spell.
The orc wizard seems to speed up.
The iguana bites you!
* * * LOW HITPOINT WARNING * * *
You barely miss the adder. The adder barely misses you.
The orc wizard barely misses you. The orc barely misses you.
The iguana bites you.
* * * LOW HITPOINT WARNING * * *
The orc wizard closely misses you. The adder barely misses you.
You slash the adder!
The adder is almost dead.
The orc wizard hits you but does no damage.
The adder closely misses you. The orc barely misses you. The iguana bites you!
You die...

# #.#.#####.........## #
########'#'##.#..⌠.[...⌠..# #
#...........#.#.....8.....# #
#........)..#.##._.###._.## #
#...........((.#####.#####. #
#...........#((.........#.. #
#########...#....)......#.. #
#So.#...........#.. # ########
##@.############### #
####......# #lo# # #.........#
#..# ###.........####..#
'('.........'.....#############
###.........####..............#
#.'...........##.#............#
#.#.........#.##.#......).....#
#.#.#.......#.##..............#


You could see an iguana, an orc wizard, an adder and an orc.

Vanquished Creatures
  An adder (D:2)
  4 worms (D:2)
  A dart slug (D:1)
  An orc (D:3)
  7 goblins
  9 hobgoblins
  12 kobolds
  A quokka (D:2)
  7 bats
  3 giant newts
  9 rats
55 creatures vanquished.

Notes
Turn   | Place    | Note
-------+----------+-------------------------------------------
     0 | D:1      | epen the Merfolk Monk began the quest for the Orb.
     0 | D:1      | Reached XP level 1. HP: 18/18 MP: 1/1
   270 | D:1      | Reached XP level 2. HP: 24/24 MP: 2/2
   292 | D:1      | Reached skill level 1 in Armour
   596 | D:1      | Reached XP level 3. HP: 29/29 MP: 3/3
  1289 | D:2      | Found a blossoming altar of Fedhas.
  1522 | D:2      | Reached skill level 5 in Polearms
  1522 | D:2      | Reached XP level 4. HP: 32/37 MP: 4/4
  1898 | D:3      | Found a deep blue altar of Sif Muna.
  1899 | D:3      | Found a radiant altar of Vehumet.
  1962 | D:3      | Found a blossoming altar of Fedhas.
  2357 | D:3      | Slain by an iguana

Vault maps used:
D:1:      dpeg_arrival_pits, feat_on_display
D:2:      old_standard_altar
D:3:      gammafunk_temple_overflow_pools, fedhas_altar_2
D:4:      kennysheep_little_box, kennysheep_mini_moat, first_bread,
          serial_shops, nicolae_shop_window_shopping

Skill      XL: |  1  2  3 |
---------------+----------+-----
Armour         | 1 |  1.9
Polearms       | 5 |  5.0
Fighting       | |  3.7
Dodging        | |  4.5
Stealth        | |  2.1

Action                   |  1- 3 |  4- 6 || total
-------------------------+-------+-------++-------
Melee: Spear             |   213 |    22 ||   235
       Lajatang          |       |    41 ||    41
  Use: Potion            |       |     1 ||     1
 Stab: Sleeping          |     2 |     1 ||     3
       Distracted        |       |     1 ||     1
  Eat: Chunk             |     2 |     2 ||     4
Armor: Robe              |    17 |       ||    17
       Ring mail         |    33 |    25 ||    58
Dodge: Dodged            |   104 |    49 ||   153
